 Dungeon Crawl Stone Soup version 0.27.1-15-g792fb953b9 (webtiles) character file.

Game seed: 617227185357192666

218 DenSaoPin the Chopper (level 5, -4/45 HPs)
             Began as a Hill Orc Monk on Nov 18, 2021.
             Slain by an iguana (12 damage)
             ... on level 4 of the Dungeon on Nov 19, 2021.
             The game lasted 00:10:20 (3872 turns).

DenSaoPin the Chopper (Hill Orc Monk)               Turns: 3872, Time: 00:10:21

Health: -4/45      AC: 11    Str: 15    XL:     5   Next: 95%
Magic:  5/5        EV:  4    Int: 10    God:
Gold:   136        SH:  8    Dex: 13    Spells: 4/4 levels left

rFire    . . .     SeeInvis .   m - +0 war axe
rCold    . . .     Faith    .   q - +0 kite shield
rNeg     . . .     Spirit   .   t - +0 chain mail
rPois    .         Reflect  .   (no helmet)
rElec    .         Harm     +   j - scarf {harm}
rCorr    .         Rampage  .   k - +0 pair of gloves
Will     .....                  o - +0 pair of boots
Stlth    ..........             (no amulet)
HPRegen  0.15/turn              f - ring of wizardry
MPRegen  0.09/turn              (no ring)

@: no status effects
A: no striking features
a: no special abilities


You were on level 4 of the Dungeon.
You visited 1 branch of the dungeon, and saw 4 of its levels.

You collected 136 gold pieces.

Inventory:

Hand Weapons
 a - a +0 hand axe
 l - a +3 short sword
 m - a +0 war axe (weapon)
Armour
 b - a +0 robe
 d - a +0 ring mail
 j - a scarf of harm (worn)
 k - a +0 pair of gloves (worn)
 o - a +0 pair of boots (worn)
 q - a +0 kite shield (worn)
 t - a +0 chain mail (worn)
Jewellery
 f - a ring of wizardry (left hand)
Wands
 r - a wand of mindburst (10)
Scrolls
 e - a scroll of amnesia {unknown}
 g - 2 scrolls of identify {unknown}
 h - 3 scrolls of teleportation {unknown}
 n - a scroll of noise {unknown}
 s - a scroll of enchant armour {unknown}
Potions
 c - 3 potions of curing {unknown}
 i - a potion of berserk rage {unknown}
 p - a potion of brilliance {unknown}


   Skills:
 - Level 3.6 Fighting
 + Level 6.3 Axes
 + Level 3.8 Armour
 - Level 2.4 Dodging
 - Level 1.5 Stealth
 + Level 1.9 Shields


You had 4 spell levels left.
You didn't know any spells.
Your spell library contained the following spells:

 Spells                   Type           Power      Damage    Failure   Level
 Freeze                   Ice            0%         1d3       100%        1
 Sublimation of Blood     Necr           0%         N/A       100%        2
 Frozen Ramparts          Ice            0%         1d2       100%        3
 Ozocubu's Armour         Ice            0%         N/A       100%        3
 Portal Projectile        Hex/Tloc       0%         N/A       100%        3
 Hailstorm                Conj/Ice       0%         3d3       100%        4
 Petrify                  Tmut/Erth      0%         N/A       100%        4
 Blade Hands              Tmut           0%         N/A       100%        5
 Excruciating Wounds      Necr           0%         N/A       100%        5
 Irradiate                Conj/Tmut      0%         3d13      100%        5
 Metabolic Englaciation   Hex/Ice        0%         N/A       100%        5
 Simulacrum               Ice/Necr       0%         N/A       100%        6


Dungeon Overview and Level Annotations

Branches:
Dungeon (4/15)
 Temple: D:4-7

Altars:
Trog

Shops:
D:3 *


Message History

You kill the kobold!
Things that are here:
a +0 short sword; 4 poisoned darts; a kobold corpse You pick up a book of Frost and begin reading...
You add the spells Freeze, Frozen Ramparts and Hailstorm to your library.
An iguana comes into view.
The iguana hisses angrily.
You closely miss the iguana. You block the iguana's attack.
Your shield and chain mail prevent you from hitting the iguana.
The iguana bites you but does no damage.
The iguana bites you!
You hit the iguana.
The iguana is lightly wounded.
The iguana bites you but does no damage.
You closely miss the iguana.
The iguana is lightly wounded.
You block the iguana's attack.
The iguana hisses menacingly.
The iguana bites you!
Your chain mail prevents you from hitting the iguana.
The iguana is lightly wounded.
The iguana barely misses you.
Your chain mail prevents you from hitting the iguana.
The iguana is lightly wounded.
The iguana bites you! You block the iguana's attack.
You hit the iguana.
The iguana is severely wounded.
The iguana bites you!
* * * LOW HITPOINT WARNING * * *
Your chain mail prevents you from hitting the iguana.
The iguana is severely wounded.
The iguana bites you but does no damage.
You block the iguana's attack.
You hit the iguana.
The iguana is severely wounded.
The iguana bites you but does no damage.
Your shield prevents you from hitting the iguana.
The iguana is severely wounded.
The iguana bites you!
You die...

#################.##..
....................#
.##....######..##.#.##
....##.# #..##.....
..####.# #....# #
#..###.# ##.#.# .#
.......# #†#.##.#
_.############).l...#
..##............@...#
#.##.......##.##.##.####
..##.......##.##.##.....
####....................
####.......##.##.##.....
...........##.##.# ####
###............... #
#)############.## ###.#
#.#


You could see an iguana.

Vanquished Creatures
  2 hounds
  An orc wizard (D:3)
  A gnoll (D:1)
  4 adders
  A worm (D:2)
  2 dart slugs
  11 orcs
  4 bats
  5 endoplasms
  8 goblins
  6 hobgoblins
  3 jackals (D:2)
  7 kobolds
  5 quokkas
  3 ball pythons (D:2)
  4 frilled lizards
  6 rats
73 creatures vanquished.

Notes
Turn   | Place    | Note
-------+----------+-------------------------------------------
     0 | D:1      | DenSaoPin the Hill Orc Monk began the quest for the Orb.
     0 | D:1      | Reached XP level 1. HP: 19/19 MP: 1/1
   194 | D:1      | Reached skill level 1 in Armour
   196 | D:1      | Reached XP level 2. HP: 23/26 MP: 2/2
   337 | D:1      | Found a faded altar of an unknown god.
   508 | D:1      | Reached XP level 3. HP: 15/31 MP: 3/3
  1128 | D:2      | Reached skill level 5 in Axes
  1568 | D:2      | Reached XP level 4. HP: 32/39 MP: 4/4
  2458 | D:3      | Found Giza Ato's Assorted Antiques.
  3256 | D:3      | Reached XP level 5. HP: 13/45 MP: 5/5
  3559 | D:3      | Reached skill level 6 in Axes
  3559 | D:3      | Reached skill level 1 in Shields
  3730 | D:4      | Found a bloodstained altar of Trog.
  3872 | D:4      | Slain by an iguana

Illustrated notes

Levels and vault maps discovered:
D:1:      denvon_arrival_waterhouse, layout_basic,
          hellmonk_ecumenical_altar_crossroads
D:2:      layout_basic, dk_noncrumbling_2, amcnicky_mini_pool_small,
          minmay_misc_feat_enclosed
D:3:      layout_basic, serial_shops, shop
D:4:      layout_loops_cross, mainiacjoe_overflow_tiny_flanked,
          mainiacjoe_overflow_large_starburst

Skill      XL: |  1  2  3  4  5 |
---------------+----------------+-----
Armour         | 1 2 3 |  3.8
Axes           | 5 6 |  6.3
Shields        | 1 |  1.9
Fighting       | |  3.6
Dodging        | |  2.4
Stealth        | |  1.5

Action                   |  1- 3 |  4- 6 || total
-------------------------+-------+-------++-------
Melee: Hand axe          |   112 |    60 ||   172
       Short sword       |       |    28 ||    28
       War axe           |       |    70 ||    70
 Stab: Sleeping          |     2 |       ||     2
Armor: Ring mail         |    34 |    58 ||    92
       Robe              |     1 |       ||     1
       Chain mail        |       |    11 ||    11
Dodge: Dodged            |    69 |    91 ||   160
Block: Kite shield       |       |    33 ||    33
